 Dungeon Crawl Stone Soup version 0.28-b1-25-g9875b3fc8c (webtiles) character file.

Game seed: 10913843885396260773

154889 Angani the Unseen (level 17, -4/102 HPs)
             Began as a Kobold Warper on Feb 8, 2022.
             Was the Champion of Jiyva.
             Shot with an arrow by a deep elf master archer (31 damage)
             ... on level 3 of the Elven Halls.
             The game lasted 01:37:10 (33692 turns).

Angani the Unseen (Kobold Warper)                  Turns: 33692, Time: 01:37:10

Health: -4/102     AC: 10    Str: 11    XL:     17   Next: 95%
Magic:  39/39      EV: 22    Int: 28    God:    Jiyva [******]
Gold:   1300       SH:  5    Dex: 20    Spells: 15/46 levels left

rFire   + . .      SeeInvis +   h - +0 rapier (protect)
rCold   + + .      Faith    .   W - +0 buckler of the Dragon {Int+6}
rNeg    . . .      Spirit   .   D - +0 steam dragon scales
rPois   +          Reflect  .   (helmet restricted)
rElec   +          Harm     .   X - scarf {shadows}
rCorr   +          Rampage  .   T - +1 pair of gloves {Str+3}
Will    ++...      Clarity  +   w - +2 pair of boots {Fly}
Stlth   +++++++++.              J - amulet of magic regeneration
HPRegen 1.87/turn               R - ring of Tiateace {Fire rElec rPois Will+ Dex+3}
MPRegen 1.16/turn               B - ring of see invisible

@: about to teleport, flying, studying Long Blades
A: small, no large weapons, nightstalker 3, claws 1, horns 1, thin skeletal
structure 1, clarity, cold resistance 3, high MP 1, evolution 1, jelly sensing
items, jelly absorbing missiles, sturdy frame 1
}: 1/15 runes: slimy
a: Renounce Religion, Oozemancy, Slimify


You were on level 3 of the Elven Halls.
You worshipped Jiyva.
Jiyva was exalted by your worship.
You visited 5 branches of the dungeon, and saw 31 of its levels.
You visited 1 bazaar.
You also visited: Sewer, Ossuary, Gauntlet and Ice Cave.

You collected 1968 gold pieces.
You spent 668 gold pieces at shops.

Inventory:

Hand Weapons
 h - a +0 rapier of protection (weapon)
 i - a +8 dagger
 u - a +4 rapier of chaos
Missiles
 y - 3 throwing nets (quivered)
Armour
 b - a +0 troll leather armour
 d - the +2 helmet "Qyis" {Int+3}
   (You found it on level 13 of the Dungeon)

   Int:       It affects your intelligence (+3).
 w - a +2 pair of boots of flying (worn)
 D - +0 steam dragon scales (worn)
 N - +0 storm dragon scales
 T - a +1 pair of gloves of strength (worn)
 V - +0 shadow dragon scales
 W - the +0 buckler of the Dragon (worn) {Int+6}
   (You bought it in a shop in a bazaar)

   Int:       It affects your intelligence (+6).
 X - a scarf of shadows (worn)
Jewellery
 n - a ring of willpower
 o - a +6 ring of dexterity
 s - the ring of Ekukkaic {Fly Int+6 Dex+6}
   (You found it in a Gauntlet)

   [ring of flight]

   Int:       It affects your intelligence (+6).
   Dex:       It affects your dexterity (+6).
   Fly:       It grants you flight.
 B - a ring of see invisible (right hand)
 H - a ring of poison resistance
 J - an amulet of magic regeneration (around neck)
 M - a ring of willpower
 O - a ring of ice
 R - the ring of Tiateace (left hand) {Fire rElec rPois Will+ Dex+3}
   (You found it on level 5 of the Pits of Slime)

   [ring of fire]

   It enhances your fire magic.
   Dex:       It affects your dexterity (+3).
   rF:        It protects you from fire.
   rC:        It makes you vulnerable to cold.
   rElec:     It insulates you from electricity.
   rPois:     It protects you from poison.
   Will:      It increases your willpower.
Wands
 k - a wand of paralysis (9)
 l - a wand of acid (2)
 v - a wand of flame (17)
 z - a wand of iceblast (11)
 E - a wand of polymorph (13)
 Y - a wand of digging (3)
Scrolls
 c - 3 scrolls of blinking
 p - a scroll of fog
 q - a scroll of silence
 r - 3 scrolls of amnesia
 x - a scroll of immolation
 C - 4 scrolls of teleportation
 G - 3 scrolls of fear
 I - 2 scrolls of holy word
 S - a scroll of magic mapping
Potions
 a - 2 potions of haste
 e - 2 potions of brilliance
 f - 3 potions of magic
 g - 5 potions of curing
 j - 2 potions of cancellation
 m - 3 potions of lignification
 t - 3 potions of might
 A - 3 potions of flight
 F - 3 potions of resistance
 K - 4 potions of ambrosia
 L - 3 potions of mutation
 Z - a potion of attraction
Miscellaneous
 P - a condenser vane


   Skills:
 - Level 10.1 Fighting
 - Level 14.0 Short Blades
 - Level 1.1 Throwing
 - Level 0.7 Armour
 - Level 10.7 Dodging
 - Level 18.0 Stealth
 + Level 15.0 Spellcasting
 + Level 13.7 Summonings
 - Level 9.7 Translocations
 - Level 10.0 Evocations


You had 15 spell levels left.
You knew the following spells:

 Your Spells              Type           Power      Damage    Failure   Level
a - Blink                 Tloc           100%       N/A       1%          2
b - Call Canine Familiar  Summ           78%        N/A       1%          3
c - Teleport Other        Tloc           66%        N/A       1%          3
d - Lesser Beckoning      Tloc           66%        N/A       1%          3
e - Manifold Assault      Tloc           66%        N/A       1%          5
f - Dragon's Call         Summ           39%        N/A       100%        9
g - Summon Cactus Giant   Summ           39%        N/A       1%          6

Your spell library contained the following spells:

 Spells                   Type           Power      Damage    Failure   Level
 Summon Small Mammal      Summ           100%       N/A       0%          1
 Gell's Gravitas          Tloc           66%        N/A       1%          3
 Summon Guardian Golem    Hex/Summ       56%        N/A       1%          3
 Foxfire                  Conj/Fire      100%       2x1d9     3%          1
 Pain                     Necr           84%        1d8       3%          1
 Ensorcelled Hibernation  Hex/Ice        42%        N/A       5%          2
 Passwall                 Tmut/Erth      17%        N/A       5%          2
 Conjure Flame            Conj/Fire      31%        6-21      11%         3
 Inner Flame              Hex/Fire       31%        N/A       11%         3
 Swiftness                Air            21%        N/A       11%         3
 Cause Fear               Hex            10%        N/A       36%         4
 Flame Wave               Conj/Fire      31%        2d8       36%         4
 Hailstorm                Conj/Ice       21%        3d6       36%         4
 Ice Form                 Ice/Tmut       21%        N/A       36%         4
 Leda's Liquefaction      Hex/Erth       10%        N/A       36%         4
 Agony                    Necr           21%        N/A       71%         5
 Excruciating Wounds      Necr           10%        N/A       71%         5
 Silence                  Hex/Air        10%        N/A       71%         5
 Spellforged Servitor     Conj/Summ      28%        N/A       88%         7
 Conjure Ball Lightning   Conj/Air       10%        3x3d6     99%         6
 Simulacrum               Ice/Necr       10%        N/A       99%         6
 Dragon Form              Tmut           10%        N/A       100%        7
 Ozocubu's Refrigeration  Ice            10%        4d7       100%        7
 Discord                  Hex            10%        N/A       100%        8


Dungeon Overview and Level Annotations

Branches:
Dungeon (15/15)              Lair (6/6) D:10         Shoals (0/4) Lair:4
  Snake (0/4) Lair:3        Slime (5/5) Lair:6          Orc (2/2) D:12
    Elf (3/3) Orc:2        Vaults (0/5) D:14         Depths (0/4) D:15
  Sewer (visited)         Ossuary (visited)           IceCv (visited)
Gauntlet (visited)
 Temple: D:4-7

Altars:
Dithmenos
Xom
Beogh
Jiyva

Shops:
D:8 [   D:9 [   Orc:2 (=?*[   Elf:3 =

Annotations:
D:7 1 exclusion
D:13 1 transporter, Ined's ghost, journeyman MiBe
Lair:6 2 transporters, 1 exclusion
Slime:5 Royal Jelly
Elf:2 3 runed translucent doors, exclusion: 3 doors


Innate Abilities, Weirdness & Mutations

You are small and have problems with some larger weapons.
You are completely attuned to the shadows.
You have sharp fingernails.
You have a pair of small horns on your head.
You have a somewhat thin skeletal structure. (Dex +2, Stealth+)
You possess an exceptional clarity of mind.
Your flesh is almost immune to the effects of cold. (rC+++)
You have an increased reservoir of magic. (+10% MP)
You have hidden genetic potential.
You have a small jelly attached to you that senses nearby items.
You have a small jelly attached to you that may absorb projectiles.
Your movements are slightly less encumbered by armour. (ER -2)


Message History

The deep elf blademaster misses you.
The deep elf elementalist mumbles some strange words.
The deep elf elementalist seems to speed up.
Your surroundings suddenly seem different.
A deep elf master archer, 2 deep elf high priests, a deep elf knight and a deep elf zephyrmancer come into view.
The deep elf master archer completely misses you.
The deep elf zephyrmancer barely misses you.
The deep elf high priest moves out of view.
Unknown command.
As you read the scroll of teleportation, it crumbles to dust.
You feel strangely unstable.
The deep elf master archer wields a +0 longbow.
The deep elf master archer shoots an arrow.
The arrow completely misses you.
The deep elf high priest hits you with a +0 long sword!!
The deep elf knight casts a spell.
The deep elf knight seems to speed up.
The deep elf zephyrmancer mumbles some strange words.
The deep elf zephyrmancer blinks!
The deep elf master archer shoots an arrow.
The arrow hits you!
A deep elf zephyrmancer comes into view.
It is wielding a +0 long sword.
The deep elf demonologist casts a spell.
The deep elf zephyrmancer shouts!
You hear a shout! x3
You hear a shout!
The deep elf high priest shouts, "You are a heretic and must be destroyed!"
The deep elf high priest unwields a +0 long sword.
The deep elf high priest wields a +0 shortbow.
The deep elf high priest shoots an arrow.
The arrow closely misses you.
The deep elf master archer shoots an arrow.
The arrow completely misses you.
The deep elf master archer shoots an arrow.
The arrow hits you!!
* * * LOW HITPOINT WARNING * * *
You shudder from the blast and a jelly pops out!
You hear a shout! x3
The deep elf master archer shoots an arrow.
The arrow hits you!!
You die...

####)## #...
#.)...#########.##
E............####
.............#
...(......)..#
.........)#
E..).....#
#######..........#
...e#@......)....#
e4ยง#.............#
.ee..............#
.ee..J.....e....##
# .4e.......##e...#
## ....... .
#....## ##. ###.e.#
##.. .##....## #...
##..####.....##
#...


You could see a deep elf master archer (ally target), a deep elf high priest, an
earth elemental (wandering) and a friendly azure jelly (summoned).

Vanquished Creatures
  A deep elf blademaster (Elf:3)
  A deep elf master archer (Elf:3)
  Agnes (D:15)
  3 deep elf demonologists
  3 deep elf annihilators
  A deep elf death mage (Elf:3)
  Josephine (D:10)
  A boulder beetle (D:12)
  Fannar (Lair:3)
  A rakshasa (D:12)
  6 hydras
  An ice dragon (Lair:6)
  13 dancing weapons
  5 centaur warriors (D:14)
  A tengu warrior (D:15)
  An alligator (Lair:6)
  6 deep elf knights
  A fire crab (Lair:6)
  7 deep elf archers
  21 deep elf pyromancers
  16 deep elf zephyrmancers
  A necromancer (D:15)
  3 ugly things (D:14)
  3 cyclopes
  4 orc knights (Orc:2)
  A manticore (D:13)
  2 orc sorcerers
  24 elephants
  4 black mambas
  4 molten gargoyles (D:13)
  Joseph (D:10)
  3 torpor snails
  A merfolk siren (Lair:4)
  3 unseen horrors
  11 cane toads
  7 rime drakes
  A freezing wraith (D:14)
  An efreet (D:14)
  7 komodo dragons
  A queen bee (Lair:2)
  4 trolls
  9 polar bears
  4 raiju (Lair:6)
  9 hornets
  34 blink frogs
  A tyrant leech (Lair:6)
  4 dream sheep
  A jumping spider (shapeshifter) (D:15)
  8 wyverns
  4 air elementals
  2 water elementals
  6 basilisks
  4 fire elementals
  45 yaks
  5 humans (D:7)
  4 wraiths (D:10)
  Grum (D:8)
  9 vampire mosquitoes
  9 wargs
  9 water moccasins
  2 nagas (Lair:3)
  An acid dragon (D:8)
  11 hell hounds (Lair:6)
  An ice beast (D:6)
  24 orc warriors
  A sky beast (D:8)
  3 ogres (Orc:2)
  12 black bears
  A necrophage (D:6)
  2 centaurs
  31 wolves
  8 kobold brigands
  7 bullfrogs
  2 earth elementals
  A gnoll sergeant (D:11)
  An elf zombie (Ossuary)
  A scorpion (Lair:4)
  A lindwurm simulacrum (IceCv)
  43 killer bees
  6 electric eels
  5 howler monkeys
  A wight (D:9)
  5 komodo dragon simulacra (IceCv)
  4 centaur zombies
  A bullfrog zombie (D:4)
  2 human zombies (Ossuary)
  12 orc priests
  A bullfrog skeleton (D:7)
  A hound (D:5)
  A centaur skeleton (D:7)
  2 gnoll shamans
  2 iguanas
  Ijyb (D:3)
  14 orc wizards
  7 hell rats
  3 killer bee zombies
  A hound skeleton (D:4)
  2 mummies (Ossuary)
  5 adders
  9 gnolls
  4 acid dragon simulacra (IceCv)
  4 river rats (D:6)
  A shadow imp (D:7)
  7 white imps
  3 steam dragon simulacra (IceCv)
  An adder zombie (Ossuary)
  2 worms (D:6)
  2 dart slugs
  65 orcs
  An endoplasm (D:1)
  A giant cockroach (D:2)
  A goblin (D:4)
  4 hobgoblins
  20 kobolds
  A quokka (D:5)
  6 ball pythons
  5 bats
  3 frilled lizards
  9 hobgoblin zombies (Ossuary)
  7 kobold zombies (Ossuary)
  7 orc zombies (Ossuary)
  A quokka skeleton (D:4)
  7 rats
  A rat zombie (Ossuary)
747 creatures vanquished.

Vanquished Creatures (collateral kills)
  Gastronok (Lair:1)
  A deep elf annihilator (Elf:3)
  A white draconian (IceCv)
  Erica (D:8)
  3 two-headed ogres
  5 dancing weapons
  3 deep elf knights
  4 deep elf archers
  2 orc knights (Orc:2)
  4 deep elf pyromancers
  2 ugly things
  11 deep elf zephyrmancers
  An elephant (Lair:2)
  A molten gargoyle (D:13)
  A cane toad (Lair:1)
  2 torpor snails (Lair:6)
  2 ice statues (IceCv)
  4 komodo dragons
  A kobold demonologist (D:14)
  2 tyrant leeches (Lair:6)
  A hornet (Gauntlet)
  A polar bear (Lair:6)
  A centaur simulacrum (D:12)
  A fire elemental (Elf:2)
  A basilisk (shapeshifter) (D:15)
  A steam dragon (D:9)
  2 vampire mosquitoes (D:13)
  4 wargs (Orc:2)
  2 water moccasins
  2 hell hounds (Lair:6)
  An ice beast (D:6)
  11 orc warriors (Orc:2)
  A black bear (Lair:6)
  A wolf (Lair:6)
  3 ogres
  A bullfrog (Lair:2)
  An earth elemental (Elf:1)
  A lindwurm simulacrum (IceCv)
  3 wights (D:9)
  2 komodo dragon simulacra (IceCv)
  An orc priest (D:12)
  An orc wizard (Orc:2)
  2 hell rats (Lair:6)
  A howler monkey zombie (D:9)
  2 gnolls (Orc:2)
  2 acid dragon simulacra (IceCv)
  A river rat (D:6)
  6 white imps
  A steam dragon simulacrum (IceCv)
  10 orcs (Orc:2)
120 creatures vanquished.

Vanquished Creatures (others)
  A centaur warrior (D:14)
  A deep elf knight (Elf:2)
  An orc knight (Orc:2)
  A wizard (D:15)
  3 deep elf zephyrmancers
  2 deep elf pyromancers
  A cane toad (Lair:6)
  An unseen horror (D:12)
  A wraith (D:10)
  Eustachio (D:6)
  3 wargs
  3 water moccasins
  An orc warrior (Orc:1)
  A black bear (Lair:6)
  2 centaurs
  6 wolves
  A kobold brigand (Sewer)
  2 bullfrogs
  A scorpion (D:4)
  221 jellies
  3 killer bees
  2 howler monkeys (D:14)
  4 centaur zombies
  A bullfrog zombie (D:6)
  A human zombie (Ossuary)
  3 orc priests
  2 hounds
  2 iguanas (D:5)
  2 orc wizards
  A gnoll (D:4)
  An acid dragon simulacrum (IceCv)
  2 adders
  3 white imps
  A steam dragon simulacrum (IceCv)
  3 adder zombies (Ossuary)
  2 worms (D:6)
  5 orcs
  2 bats
  4 goblins
  5 kobolds
  2 ball pythons (D:2)
  An orc zombie (Ossuary)
  5 rats
  A rat zombie (Ossuary)
  63 fungi
  185 plants
  14 withered plants (Gauntlet)
574 creatures vanquished.

Grand Total: 1441 creatures vanquished

Notes
Turn   | Place    | Note
-------+----------+-------------------------------------------
     0 | D:1      | Angani the Kobold Warper began the quest for the Orb.
     0 | D:1      | Reached XP level 1. HP: 12/12 MP: 3/3
   121 | D:1      | Found a faded altar of an unknown god.
   133 | D:1      | Prayed at the altar of an unknown god.
   133 | D:1      | Became a worshipper of Jiyva Jitziuk the Shapeless
   133 | D:1      | Reached * piety under Jiyva
   619 | D:1      | Reached XP level 2. HP: 9/18 MP: 5/5
   638 | D:1      | Reached ** piety under Jiyva
   694 | D:1      | You fall into a shaft and drop 1 floor!
  1487 | D:2      | Reached *** piety under Jiyva
  1686 | D:3      | Reached XP level 3. HP: 22/22 MP: 6/6
  1695 | D:3      | Noticed Ijyb
  1710 | D:3      | Killed Ijyb
  1711 | D:3      | Reached XP level 4. HP: 17/28 MP: 7/7
  1793 | D:3      | Gained mutation: Your spells are a little harder to cast,
                  | but a little more powerful. [Jiyva's grace]
  1793 | D:3      | Gained mutation: Your spells are harder to cast, but more
                  | powerful. [Jiyva's grace]
  1793 | D:3      | Gained mutation: Your spells are much harder to cast, but
                  | much more powerful. [Jiyva's grace]
  1793 | D:3      | Gained mutation: You are partially covered in large bone
                  | plates. (SH +4) [Jiyva's grace]
  1842 | D:3      | Reached **** piety under Jiyva
  2371 | D:4      | Reached XP level 5. HP: 32/32 MP: 8/8
  2382 | D:4      | Found a sand-covered staircase.
  2395 | Ossuary  | Entered an ossuary
  2751 | Ossuary  | Reached XP level 6. HP: 38/38 MP: 6/9
  2752 | Ossuary  | Reached skill level 5 in Short Blades
  2937 | D:4      | Reached skill level 5 in Dodging
  3416 | D:5      | Entered Level 5 of the Dungeon
  3486 | D:5      | Reached XP level 7. HP: 41/44 MP: 10/10
  3612 | D:5      | Learned a level 2 spell: Blink
  3616 | D:5      | Learned a level 3 spell: Call Canine Familiar
  3658 | D:5      | Reached ***** piety under Jiyva
  3785 | D:5      | Reached skill level 5 in Fighting
  3838 | D:5      | Lost mutation: Your spells are much harder to cast, but
                  | much more powerful. [Jiyva's grace]
  3838 | D:5      | Gained mutation: You have a small jelly attached to you
                  | that senses nearby items. [Jiyva's grace]
  3838 | D:5      | Gained mutation: You have acidic saliva. [Jiyva's grace]
  3838 | D:5      | Gained mutation: You are partially covered in iridescent
                  | scales. (AC +2) [Jiyva's grace]
  3838 | D:5      | Gained mutation: You are mostly covered in iridescent
                  | scales. (AC +4) [Jiyva's grace]
  4445 | D:6      | Reached XP level 8. HP: 50/50 MP: 11/11
  4630 | D:6      | Noticed a manticore
  4642 | D:6      | Slimified a manticore
  4642 | D:6      | Noticed a slime creature
  4642 | D:6      | a manticore changed into a slime creature
  4714 | D:6      | Found a glowing drain.
  4717 | D:6      | Killed Eustachio
  4720 | Sewer    | Entered a sewer
  5362 | D:6      | Killed an unseen horror
  5363 | D:6      | Reached XP level 9. HP: 55/56 MP: 12/12
  5963 | D:7      | Gained mutation: You have a pair of small horns on your
                  | head. [Jiyva's grace]
  5963 | D:7      | Gained mutation: You have a pair of horns on your head.
                  | [Jiyva's grace]
  5963 | D:7      | Gained mutation: You have a pair of large horns on your
                  | head. [Jiyva's grace]
  5963 | D:7      | Gained mutation: You are covered in slimy tendrils that may
                  | disarm your opponents. [Jiyva's grace]
  6106 | D:7      | Found a large runed translucent door.
  6107 | D:7      | Found a large runed translucent door.
  6628 | D:7      | Found a shimmering altar of Xom.
  6718 | D:8      | Noticed Erica
  6732 | D:8      | Killed Erica
  6733 | D:8      | Reached skill level 10 in Short Blades
  6733 | D:8      | Reached XP level 10. HP: 25/65 MP: 13/13
  6894 | D:8      | Noticed Grum
  6923 | D:7      | Reached skill level 10 in Dodging
  7039 | D:8      | Killed Grum
  7074 | D:8      | Found Waeplidd's Armour Shop.
  7101 | D:8      | Bought a +1 pair of boots of flying for 231 gold pieces
  7776 | D:9      | Found Get Bid's Antique Armour Shop.
  7919 | D:9      | Reached skill level 1 in Stealth
  7933 | D:9      | Reached skill level 1 in Evocations
  7936 | D:9      | Noticed a two-headed ogre
  7972 | D:9      | Killed a two-headed ogre
  7973 | D:9      | Reached skill level 10 in Fighting
  7973 | D:9      | Reached skill level 2 in Stealth
  7973 | D:9      | Reached XP level 11. HP: 31/72 MP: 14/14
  8031 | D:9      | Noticed a two-headed ogre
  8037 | D:9      | Killed a two-headed ogre
  8038 | D:9      | Reached skill level 3 in Stealth
  8373 | D:9      | Noticed a white ugly thing
  8376 | D:9      | Reached ****** piety under Jiyva
  8390 | D:9      | Killed a white ugly thing
  8391 | D:9      | Reached skill level 4 in Stealth
  8543 | D:9      | Identified the +1 ring mail of Watchfulness {-Tele rC+ rN+
                  | Will+}
  8587 | D:10     | Entered Level 10 of the Dungeon
  8665 | D:10     | Reached skill level 5 in Stealth
  8740 | D:10     | Lost mutation: You have a pair of large horns on your head.
                  | [Jiyva's grace]
  8740 | D:10     | Gained mutation: Your melee attacks may engulf your foes in
                  | ooze. [Jiyva's grace]
  8740 | D:10     | Gained mutation: You are resistant to electric shocks.
                  | (rElec) [Jiyva's grace]
  8740 | D:10     | Gained mutation: You are somewhat resistant to further
                  | mutation. [Jiyva's grace]
  8740 | D:10     | Gained mutation: You are somewhat resistant to both further
                  | mutation and mutation removal. [Jiyva's grace]
  8762 | D:10     | Noticed Joseph
  8766 | D:10     | Killed Joseph
  9006 | D:10     | Found a staircase to the Lair.
  9006 | D:10     | Noticed an elephant
  9054 | D:10     | Killed an elephant
  9055 | D:10     | Reached skill level 6 in Stealth
  9055 | D:10     | Reached skill level 5 in Evocations
  9072 | D:10     | Noticed Josephine
  9126 | D:10     | Killed Josephine
  9264 | D:10     | Reached skill level 7 in Stealth
  9264 | D:10     | Reached skill level 5 in Spellcasting
  9452 | D:10     | Found a shadowy altar of Dithmenos.
  9975 | D:11     | Reached XP level 12. HP: 68/77 MP: 19/19
 10317 | D:11     | Reached skill level 8 in Stealth
 11288 | Lair:1   | Entered Level 1 of the Lair of Beasts
 11299 | Lair:1   | Noticed Gastronok
 11308 | Lair:1   | Killed Gastronok
 11309 | Lair:1   | Reached skill level 9 in Stealth
 11309 | Lair:1   | Reached skill level 1 in Summonings
 11520 | Lair:1   | Lost mutation: You have a pair of horns on your head.
                  | [Jiyva's grace]
 11520 | Lair:1   | Lost mutation: You have a pair of small horns on your head.
                  | [Jiyva's grace]
 11520 | Lair:1   | Lost mutation: You are mostly covered in iridescent scales.
                  | (AC +4) [Jiyva's grace]
 11520 | Lair:1   | Lost mutation: You are somewhat resistant to both further
                  | mutation and mutation removal. [Jiyva's grace]
 11520 | Lair:1   | Lost mutation: You are resistant to electric shocks.
                  | (rElec) [Jiyva's grace]
 11520 | Lair:1   | Lost mutation: Your spells are harder to cast, but more
                  | powerful. [Jiyva's grace]
 11520 | Lair:1   | Lost mutation: You have a small jelly attached to you that
                  | senses nearby items. [Jiyva's grace]
 11520 | Lair:1   | Gained mutation: You have a pair of small antennae on your
                  | head. [Jiyva's grace]
 11520 | Lair:1   | Gained mutation: You have a pair of antennae on your head.
                  | [Jiyva's grace]
 11520 | Lair:1   | Gained mutation: You have a pair of large antennae on your
                  | head. (SInv) [Jiyva's grace]
 11520 | Lair:1   | Gained mutation: You have sharp toenails. [Jiyva's grace]
 11926 | Lair:1   | Noticed a six-headed hydra
 11930 | Lair:1   | Killed a six-headed hydra
 12447 | Lair:1   | Reached XP level 13. HP: 72/82 MP: 23/23
 12480 | Lair:2   | You are sucked into a shaft and drop 1 floor!
 12496 | Lair:3   | Noticed a four-headed hydra
 12500 | Lair:3   | Killed a four-headed hydra
 12501 | Lair:3   | Reached skill level 10 in Stealth
 12872 | Lair:2   | Reached skill level 5 in Translocations
 13189 | Lair:2   | Reached skill level 11 in Stealth
 13783 | Lair:2   | Lost mutation: You have a pair of large antennae on your
                  | head. (SInv) [Jiyva's grace]
 13783 | Lair:2   | Lost mutation: You are partially covered in large bone
                  | plates. (SH +4) [Jiyva's grace]
 13783 | Lair:2   | Lost mutation: You are somewhat resistant to further
                  | mutation. [Jiyva's grace]
 13783 | Lair:2   | Lost mutation: You have acidic saliva. [Jiyva's grace]
 13783 | Lair:2   | Lost mutation: Your melee attacks may engulf your foes in
                  | ooze. [Jiyva's grace]
 13783 | Lair:2   | Gained mutation: You are mostly covered in iridescent
                  | scales. (AC +4) [Jiyva's grace]
 13783 | Lair:2   | Gained mutation: You are completely covered in iridescent
                  | scales. (AC +6) [Jiyva's grace]
 13783 | Lair:2   | Gained mutation: You have an increased reservoir of magic.
                  | (+10% MP) [Jiyva's grace]
 13783 | Lair:2   | Gained mutation: You have a considerably increased
                  | reservoir of magic. (+20% MP) [Jiyva's grace]
 13827 | Lair:2   | Reached skill level 5 in Summonings
 13858 | Lair:2   | Identified the +0 robe of Snakes and Ladders {rElec}
 14171 | Lair:2   | Reached skill level 10 in Evocations
 14410 | Lair:3   | Found a staircase to the Snake Pit.
 14756 | Lair:3   | Noticed Fannar
 14782 | Lair:3   | Killed Fannar
 14783 | Lair:3   | Reached XP level 14. HP: 74/88 MP: 31/31
 15085 | Lair:3   | Reached skill level 12 in Stealth
 15660 | Lair:4   | Lost mutation: You have a pair of antennae on your head.
                  | [Jiyva's grace]
 15660 | Lair:4   | Lost mutation: You have a pair of small antennae on your
                  | head. [Jiyva's grace]
 15660 | Lair:4   | Lost mutation: You have a considerably increased reservoir
                  | of magic. (+20% MP) [Jiyva's grace]
 15660 | Lair:4   | Lost mutation: You are covered in slimy tendrils that may
                  | disarm your opponents. [Jiyva's grace]
 15660 | Lair:4   | Gained mutation: You possess an exceptional clarity of
                  | mind. [Jiyva's grace]
 15660 | Lair:4   | Gained mutation: Your movements are slightly less
                  | encumbered by armour. (ER -2) [Jiyva's grace]
 15660 | Lair:4   | Gained mutation: Your movements are less encumbered by
                  | armour. (ER -4) [Jiyva's grace]
 15660 | Lair:4   | Gained mutation: Your movements are significantly less
                  | encumbered by armour. (ER -6) [Jiyva's grace]
 15901 | Lair:4   | Learned a level 3 spell: Teleport Other
 15905 | Lair:4   | Learned a level 3 spell: Lesser Beckoning
 15911 | Lair:4   | Learned a level 5 spell: Manifold Assault
 15921 | Lair:4   | Learned a level 9 spell: Dragon's Call
 16204 | Lair:4   | Found a staircase to the Shoals.
 17029 | Lair:5   | Reached skill level 13 in Stealth
 17824 | Lair:6   | Entered Level 6 of the Lair of Beasts
 17871 | Lair:6   | Found a runed translucent door.
 18103 | Lair:6   | Found a staircase to the Slime Pits.
 18329 | Lair:6   | Found a viscous altar of Jiyva.
 18335 | Slime:1  | Entered Level 1 of the Pits of Slime
 18342 | Slime:2  | Noticed a quicksilver ooze
 18413 | Slime:3  | Noticed a quicksilver ooze
 18419 | Slime:3  | Noticed an acid blob
 18485 | Slime:4  | Noticed a rockslime
 18516 | Slime:4  | Noticed a quicksilver ooze
 18517 | Slime:5  | Entered Level 5 of the Pits of Slime
 18532 | Slime:5  | Found a viscous altar of Jiyva.
 18532 | Slime:5  | Noticed an acid blob
 18533 | Slime:5  | Noticed a quicksilver ooze
 18533 | Slime:5  | Noticed an acid blob
 18534 | Slime:5  | Noticed an azure jelly
 18534 | Slime:5  | Noticed a quicksilver ooze
 18534 | Slime:5  | Noticed an acid blob
 18534 | Slime:5  | Noticed an azure jelly
 18536 | Slime:5  | Noticed the Royal Jelly
 18537 | Slime:5  | Noticed an acid blob
 18542 | Slime:5  | Noticed an acid blob
 18543 | Slime:5  | Noticed a rockslime
 18544 | Slime:5  | Noticed a rockslime
 18549 | Slime:5  | Identified the +3 plate armour of Qedeur {Will++ MP-9}
 18552 | Slime:5  | Got a slimy rune of Zot
 18554 | Slime:5  | Noticed a rockslime
 18558 | Slime:5  | Noticed a quicksilver ooze
 18561 | Slime:5  | Identified the ring of Tiateace {Fire rElec rPois Will+
                  | Dex+3}
 18632 | Slime:3  | Noticed a quicksilver ooze
 18632 | Slime:3  | Noticed a rockslime
 18764 | Lair:6   | Reached skill level 10 in Spellcasting
 18862 | Lair:6   | Found a transporter.
 18877 | Lair:6   | Found a transporter.
 18900 | Lair:6   | Lost mutation: You are completely covered in iridescent
                  | scales. (AC +6) [Jiyva's grace]
 18900 | Lair:6   | Lost mutation: You are mostly covered in iridescent scales.
                  | (AC +4) [Jiyva's grace]
 18900 | Lair:6   | Lost mutation: Your spells are a little harder to cast, but
                  | a little more powerful. [Jiyva's grace]
 18900 | Lair:6   | Gained mutation: You are somewhat resistant to further
                  | mutation. [Jiyva's grace]
 18900 | Lair:6   | Gained mutation: You are somewhat resistant to both further
                  | mutation and mutation removal. [Jiyva's grace]
 18900 | Lair:6   | Gained mutation: You are almost entirely resistant to
                  | further mutation and mutation removal. [Jiyva's grace]
 18900 | Lair:6   | Lost mutation: You have sharp toenails. [Jiyva's grace]
 18900 | Lair:6   | Gained mutation: You have large cloven feet. [Jiyva's
                  | grace]
 19162 | Lair:6   | Reached XP level 15. HP: 92/92 MP: 8/32
 21880 | D:12     | Found a staircase to the Orcish Mines.
 21936 | D:12     | Lost mutation: You are partially covered in iridescent
                  | scales. (AC +2) [Jiyva's grace]
 21936 | D:12     | Lost mutation: Your movements are significantly less
                  | encumbered by armour. (ER -6) [Jiyva's grace]
 21936 | D:12     | Gained mutation: You have sharp fingernails. [Jiyva's
                  | grace]
 21936 | D:12     | Gained mutation: You have very sharp fingernails. [Jiyva's
                  | grace]
 21936 | D:12     | Gained mutation: You have claws for hands. [Jiyva's grace]
 21936 | D:12     | Gained mutation: Your melee attacks may engulf your foes in
                  | ooze. [Jiyva's grace]
 22145 | Orc:1    | Entered Level 1 of the Orcish Mines
 22264 | Orc:1    | Found a frozen archway.
 22270 | IceCv    | Entered an ice cave
 23170 | Orc:2    | Entered Level 2 of the Orcish Mines
 23170 | Orc:2    | Found a staircase to the Elven Halls.
 23172 | Orc:2    | Found a gate leading to a gauntlet.
 23178 | Gauntlet | Entered a Gauntlet
 23178 | Gauntlet | Found a transporter.
 23211 | Gauntlet | Found a transporter.
 23219 | Gauntlet | Found a transporter.
 23225 | Gauntlet | Found a transporter.
 23247 | Gauntlet | Found a transporter.
 23259 | Gauntlet | Found a transporter.
 23263 | Gauntlet | Noticed a reaper
 23286 | Gauntlet | Found a transporter.
 23313 | Gauntlet | Found a transporter.
 23325 | Gauntlet | Found a transporter.
 23337 | Gauntlet | Found a transporter.
 23360 | Gauntlet | Found a transporter.
 23372 | Gauntlet | Found a transporter.
 23381 | Gauntlet | Found a transporter.
 23404 | Gauntlet | Found a transporter.
 23702 | Gauntlet | Found a transporter.
 23732 | Gauntlet | Found a transporter.
 23734 | Gauntlet | Found a transporter.
 23927 | Gauntlet | Found a transporter.
 24058 | Gauntlet | Identified the ring of Ekukkaic {Fly Int+6 Dex+6}
 24095 | Gauntlet | Got the Catalogue of Malediction
 24098 | Gauntlet | Got the Grimoire of Creation
 24101 | Gauntlet | Got the Disquisition on Cloudy Cold
 24178 | Orc:2    | Reached skill level 10 in Summonings
 24271 | Orc:2    | Found Wamaw's Antique Weapon Emporium.
 24699 | Orc:2    | Found Temoofut's Jewellery Shop.
 24933 | Orc:2    | Reached XP level 16. HP: 97/97 MP: 5/35
 25068 | Orc:2    | Noticed an azure jelly
 25068 | Orc:2    | an orc warlord changed into an azure jelly
 25316 | Orc:2    | Found Yviude Heha's Magic Scroll Emporium.
 25386 | Orc:2    | Paralysed by an orc sorcerer for 6 turns
 25434 | Orc:2    | Found Genwarch's Armour Shop.
 25435 | Orc:2    | Found Enead's General Store.
 25613 | Orc:2    | Lost mutation: You have claws for hands. [Jiyva's grace]
 25613 | Orc:2    | Lost mutation: You have large cloven feet. [Jiyva's grace]
 25613 | Orc:2    | Lost mutation: You are almost entirely resistant to further
                  | mutation and mutation removal. [Jiyva's grace]
 25613 | Orc:2    | Lost mutation: Your melee attacks may engulf your foes in
                  | ooze. [Jiyva's grace]
 25613 | Orc:2    | Gained mutation: You are almost entirely resistant to
                  | further mutation and mutation removal. [Jiyva's grace]
 25613 | Orc:2    | Gained mutation: You have a small jelly attached to you
                  | that may absorb projectiles. [Jiyva's grace]
 25613 | Orc:2    | Gained mutation: Your skin changes colour to match your
                  | surroundings (Stealth+). [Jiyva's grace]
 25613 | Orc:2    | Gained mutation: Your skin blends seamlessly with your
                  | surroundings (Stealth++). [Jiyva's grace]
 26328 | D:13     | Found a flickering gateway to a bazaar.
 26334 | Bazaar   | Entered a bazaar
 26337 | Bazaar   | Found Riche's Assorted Antiques.
 26342 | Bazaar   | Found Facijouph's Distillery.
 26349 | Bazaar   | Found Heiheqon's Armour Shop.
 26374 | Bazaar   | Found Besh's Jewellery Shop.
 26382 | Bazaar   | Found Ocluat's General Store.
 26438 | Bazaar   | Bought the +0 buckler of the Dragon {Int+6} for 216 gold
                  | pieces
 26438 | Bazaar   | Bought a scarf of shadows for 108 gold pieces
 26458 | Bazaar   | Bought a scroll of identify for 78 gold pieces
 26458 | Bazaar   | Bought an emerald potion for 35 gold pieces
 27049 | D:13     | Found a transporter.
 27053 | D:13     | Noticed Ined's ghost (journeyman MiBe)
 27059 | D:13     | Identified the +2 helmet "Qyis" {Int+3}
 27191 | D:13     | Lost mutation: Your skin blends seamlessly with your
                  | surroundings (Stealth++). [Jiyva's grace]
 27191 | D:13     | Lost mutation: Your skin changes colour to match your
                  | surroundings (Stealth+). [Jiyva's grace]
 27191 | D:13     | Lost mutation: You possess an exceptional clarity of mind.
                  | [Jiyva's grace]
 27191 | D:13     | Lost mutation: You are almost entirely resistant to further
                  | mutation and mutation removal. [Jiyva's grace]
 27191 | D:13     | Gained mutation: You have a small jelly attached to you
                  | that senses nearby items. [Jiyva's grace]
 27191 | D:13     | Lost mutation: You are somewhat resistant to both further
                  | mutation and mutation removal. [Jiyva's grace]
 27191 | D:13     | Lost mutation: You are somewhat resistant to further
                  | mutation. [Jiyva's grace]
 27191 | D:13     | Gained mutation: You have hidden genetic potential.
                  | [Jiyva's grace]
 27191 | D:13     | Gained mutation: You have great hidden genetic potential.
                  | [Jiyva's grace]
 27191 | D:13     | Gained mutation: You have a somewhat thin skeletal
                  | structure. (Dex +2, Stealth+) [Jiyva's grace]
 27454 | D:13     | Identified the +11 great mace "ETAOIN SHRDLU" {vorpal, MP+9
                  | Int-2 Dex+7}
 27664 | D:14     | Found a gate to the Vaults.
 27918 | D:14     | Reached skill level 14 in Stealth
 27953 | D:14     | Gained mutation: You are occasionally teleported next to
                  | monsters. [a neqoxec]
 28220 | D:15     | Entered Level 15 of the Dungeon
 28224 | D:15     | Noticed Agnes
 28227 | D:15     | Killed Agnes
 28468 | D:15     | Found a staircase to the Depths.
 29163 | Elf:1    | Entered Level 1 of the Elven Halls
 29358 | Elf:1    | Reached skill level 15 in Stealth
 29782 | Elf:1    | Reached skill level 16 in Stealth
 29903 | Elf:1    | Reached XP level 17. HP: 102/102 MP: 38/38
 30819 | Elf:1    | Gained mutation: You are partially covered in iridescent
                  | scales. (AC +2) [hidden potential]
 31197 | Elf:2    | Reached skill level 17 in Stealth
 32069 | Elf:2    | Found a runed translucent gate.
 32069 | Elf:2    | Found a runed translucent gate.
 32069 | Elf:2    | Found a runed translucent gate.
 32241 | Elf:2    | Lost mutation: Your movements are less encumbered by
                  | armour. (ER -4) [Jiyva's grace]
 32241 | Elf:2    | Gained mutation: Your flesh is cold resistant. (rC+)
                  | [Jiyva's grace]
 32241 | Elf:2    | Gained mutation: Your flesh is very cold resistant. (rC++)
                  | [Jiyva's grace]
 32241 | Elf:2    | Gained mutation: Your flesh is almost immune to the effects
                  | of cold. (rC+++) [Jiyva's grace]
 32241 | Elf:2    | Gained mutation: You have sharp toenails. [Jiyva's grace]
 32271 | Elf:2    | Reached skill level 18 in Stealth
 32451 | Elf:2    | Lost mutation: You have sharp toenails. [potion of
                  | mutation]
 32451 | Elf:2    | Lost mutation: You have very sharp fingernails. [potion of
                  | mutation]
 32452 | Elf:2    | Lost mutation: You are partially covered in iridescent
                  | scales. (AC +2) [potion of mutation]
 32452 | Elf:2    | Lost mutation: You are occasionally teleported next to
                  | monsters. [potion of mutation]
 32452 | Elf:2    | Lost mutation: You have great hidden genetic potential.
                  | [potion of mutation]
 32452 | Elf:2    | Gained mutation: You possess an exceptional clarity of
                  | mind. [potion of mutation]
 32452 | Elf:2    | Gained mutation: You have a pair of small horns on your
                  | head. [potion of mutation]
 32480 | Elf:3    | Entered Level 3 of the Elven Halls
 32665 | Elf:3    | Got Cexzabb's Handbook of the Entourage
 32701 | Elf:3    | Learned a level 6 spell: Summon Cactus Giant
 32872 | Elf:2    | Noticed an acid blob
 32872 | Elf:2    | a deep elf elementalist changed into an acid blob
 32966 | Elf:3    | Found Zeliut's Jewellery Boutique.
 33365 | Elf:3    | Paralysed by an air elemental for 1 turns
 33655 | Elf:3    | Noticed a deep elf master archer
 33659 | Elf:3    | Killed a deep elf master archer
 33664 | Elf:3    | Noticed a deep elf blademaster
 33667 | Elf:3    | Killed a deep elf blademaster
 33668 | Elf:3    | Reached skill level 15 in Spellcasting
 33683 | Elf:3    | Noticed a deep elf blademaster
 33684 | Elf:3    | Identified the +8 morningstar "Goblinslayer" {freeze,
                  | Stlth+}
 33689 | Elf:3    | Noticed a deep elf master archer
 33692 | Elf:3    | Shot with an arrow by a deep elf master archer

Illustrated notes

Levels and vault maps discovered:
D:1:      minmay_arrival_four_houses, layout_loops_corners,
          nicolae_ecumenical_snake_handling, minmay_misc_feat_tower,
          nicolae_figureground_sparkle
D:2:      layout_loops_ring
D:3:      layout_basic, uniq_ijyb
D:4:      layout_loops_ring, nicolae_ossuary_entry_monument
D:5:      layout_gridville
D:6:      layout_loops_corners, lightli_sewer_entry_pipes,
          kennysheep_nondescript, minmay_manual_mail, uniq_eustachio
D:7:      due_chaos_kobolds, layout_gridville, temple_hall
D:8:      layout_layer_cave, serial_shops, nicolae_shop_hallway_plus,
          minmay_ruffians, uniq_erica, uniq_grum
D:9:      layout_roguey, serial_shops, nicolae_stop_n_shop_2,
          kennysheep_generic_room_6
D:10:     layout_basic, mainiacjoe_overflow_alcove_4, david_lair_generic,
          statue_in_the_mist_lemuel, serial_bayou_pond_a, uniq_joseph,
          uniq_josephine
D:11:     layout_basic
D:12:     layout_big_octagon, david_orc_3, serial_bayou, serial_bayou_pond_c,
          serial_bayou_pond_a, serial_bayou_lagoon_b, serial_bayou_shore_b
D:13:     cheibrodos_statue_roulette, layout_gridville, serial_shops,
          bzr_entry_safe, gammafunk_ghost_smash
D:14:     layout_rooms, erik_vaults_1, hangedman_abyss_or_decor_jellyfish_corner
D:15:     hangedman_depths_entry_civil_slaughter, layout_loops_ring,
          minmay_misc_feat_doors, uniq_agnes
Lair:1:   layout_regular_city, st_stairs_12, serial_bayou_shore_a,
          grunt_megastairs_4, uniq_gastronok
Lair:2:   regret_index_tunnel_blossom, layout_hall_layers,
          chequers_serial_rivers_small_a, beast_lair_carwin_5
Lair:3:   layout_chaotic_city, guppyfry_snake_entry_garden,
          serial_bayou_shore_b, grunt_megastairs_1, uniq_fannar
Lair:4:   layout_concentric_octagons, minmay_shoals_entry_lonely_mermaid
Lair:5:   layout_small_grid
Lair:6:   wormcave, layout_big_grid, hangedman_lair_caniforms_friends,
          slime_altar_1, nzn_ghost_randoct, chequers_serial_rivers_micro_a,
          minivault_11
Slime:1:  layout_caves
Slime:2:  layout_caves
Slime:3:  layout_caves
Slime:4:  layout_caves
Slime:5
Orc:1:    layout_caves, portal_ice_cave_entry_imps
Orc:2:    st_orc_town, layout_caves, serial_shops, shop, basic_altar,
          gauntlet_entry_generic
Elf:1:    minmay_elf_arrival_summoners, layout_geoelf_grid,
          hangedman_elven_crosses_minicolossus
Elf:2:    elven_hall_of_blades_hangedman_original [nicolae_blade_little_rooms],
          layout_loops_cross, serial_co_window_serial, co_window_corner_a,
          co_window_paths_b, co_window_paths_b, co_window_paths_a,
          co_window_corner_a, co_window_paths_a, co_window_2corner,
          co_window_corner_cb, co_window_paths_c, co_window_paths_e,
          glass_columns_b, glass_columns_a, glass_columns_b, glass_columns_a
Elf:3:    minmay_elf_hall_circle, layout_loops_ring, serial_shops,
          nicolae_shop_statue_plus, minmay_elf_demonology

Skill      XL: |  1  2  3  4  5  6  7  8  9 10 11 12 13 14 15 16 17 |
---------------+----------------------------------------------------+-----
Short Blades   | 3 4 5 6 8 10 11 13 14 | 14.0
Dodging        | 3 4 5 6 7 9 10 | 10.7
Fighting       | 3 4 5 6 8 10 | 10.1
Stealth        | 2 7 9 11 13 16 18 | 18.0
Evocations     | 2 6 8 10 | 10.0
Spellcasting   | 5 7 8 10 12 13 15 | 15.0
Summonings     | 2 5 7 10 12 13 | 13.7
Translocations | 4 6 8 9 |  9.7
Throwing       | |  1.1
Armour         | |  0.7

Action                   |  1- 3 |  4- 6 |  7- 9 | 10-12 | 13-15 | 16-18 || total
-------------------------+-------+-------+-------+-------+-------+-------++-------
Melee: Short sword       |    28 |       |       |       |       |       ||    28
       Rapier            |    22 |   122 |    34 |   210 |   828 |   912 ||  2128
       Dagger            |    18 |    66 |   310 |   855 |  2834 |   282 ||  4365
       Punch             |       |     4 |     6 |    25 |    77 |     3 ||   115
       Bite              |       |       |    38 |   161 |    94 |       ||   293
       Unarmed           |       |       |     1 |       |       |       ||     1
       Headbutt          |       |       |    13 |   249 |       |    65 ||   327
Throw: Boomerang         |       |     5 |     1 |     1 |     1 |       ||     8
 Cast: Manifold Assault  |       |       |       |       |   214 |    25 ||   239
       Call Canine Famil |       |       |       |       |    50 |    38 ||    88
       Blink             |       |       |       |       |     8 |     5 ||    13
       Summon Cactus Gia |       |       |       |       |       |     9 ||     9
Invok: Oozemancy         |       |     1 |     2 |     1 |     5 |     3 ||    12
       Slimify           |       |       |     1 |       |     1 |     2 ||     4
Evoke: Wand              |       |     5 |       |     1 |    15 |     1 ||    22
  Use: Scroll            |       |     3 |     1 |     2 |    15 |    10 ||    31
       Potion            |       |       |       |       |     6 |     2 ||     8
 Stab: Sleeping          |     5 |     5 |     9 |    14 |    38 |    59 ||   130
       Distracted        |       |       |     1 |     3 |    14 |    17 ||    35
Armor: Leather armour    |    11 |    19 |    59 |    25 |       |       ||   114
       Steam dragon scal |       |       |       |    83 |   522 |   168 ||   773
       Skin              |       |       |       |       |    13 |       ||    13
Dodge: Dodged            |    38 |   104 |   178 |   464 |  2340 |   602 ||  3726
Block: Other             |       |    23 |    38 |    94 |    72 |       ||   227
       Buckler           |       |       |       |       |       |    93 ||    93
